cohdb
Replays
Latest Replays
All Replays
Popular Replays
Top Player Replays
Match Explorer
How It Works
Community
CoH3 Stats
Reddit
Sign in to upload your games and track your stats! →
Sign in with Steam
Match 47687443
Unlisted
Match 47687443
Overview
Messages
Build Orders
End
Vickers Machine Gun Team
Construct Section Command Post
Dingo Light Scout Car
Selects Heavy Armor Battlegroup
Dingo Light Scout Car
Infantry Section
Infantry Section
Construct Platoon Command Post
6-pounder Anti-tank Gun Team
Infantry Section
Selects Rigorous Vehicle Training
Selects Forward Repair Assembly
Construct Company Command Post
6-pounder Anti-tank Gun Team
Construct Field Infirmary
Selects Light Vehicle Withdraw and Refit
Selects UNKNOWN (202330)
Crusader AA Medium Tank
6-pounder Anti-tank Gun Team
Grenade Package
Infantry Section
Royal Engineer Section
Abidant
JVM
Rocket
ZhukovUranus
꽃이에옹
Wilson
zoomy2
0
0
Comments
sign in to comment!
No comments posted yet!